3AAA
SYLVANIA MAPLE LEAVES @ HIALEAH DODOS
08/25/2019
 
TOP OF THE 1ST
Sylvania Maple Leaves batting - Pitching for Hialeah Dodos : RHP José Guzmán
Pitching: RHP José Guzmán
Batting: RHB Kenny Norton 0-0: Ground out 5-3 (Groundball, 5)
Batting: RHB Melvin Baldwin 0-0: Ground out 5-3 (Groundball, 56)
Batting: RHB Anthony Johnston 0-0: Ball
1-0: Foul Ball, location: 2F
1-1: Swinging Strike
1-2: Ground out 5-3 (Groundball, 56)
Top of the 1st over - 0 run(s), 0 hit(s), 0 error(s), 0 left on base; Sylvania 0 - Hialeah 0
BOTTOM OF THE 1ST
Hialeah Dodos batting - Pitching for Sylvania Maple Leaves : RHP Rusty King
Pitching: RHP Rusty King
Batting: RHB Herman Cook 0-0: Swinging Strike
0-1: Ball
1-1: Ball
2-1: Ground out 2-3 (Groundball, 15S)
Batting: RHB Peter Baker 0-0: Foul Ball, location: 2F
0-1: Swinging Strike
0-2: Ball
1-2: Foul Ball, location: 2F
1-2: Ball
2-2: Strikes out swinging
Batting: RHB Ji-chol Yang 0-0: Called Strike
0-1: Swinging Strike
0-2: Ball
1-2: Ball
2-2: Foul Ball, location: 2F
2-2: Ball
3-2: Strikes out looking
Bottom of the 1st over - 0 run(s), 0 hit(s), 0 error(s), 0 left on base; Sylvania 0 - Hialeah 0
TOP OF THE 2ND
Sylvania Maple Leaves batting - Pitching for Hialeah Dodos : RHP José Guzmán
Batting: RHB Casey Washington 0-0: Swinging Strike
0-1: Ball
1-1: Ball
2-1: SINGLE (Groundball, 56D)
Batting: RHB Bernardo Márquez 0-0: Swinging Strike
0-1: Called Strike
0-2: Foul Ball, location: 2F
0-2: Strikes out swinging
Batting: RHB Ingo van Ham 0-0: Called Strike
0-1: Ball
1-1: Swinging Strike
1-2: Foul Ball, location: 2F
1-2: 2-RUN HOME RUN (Flyball, 7D), Distance : 375 ft
Batting: SHB Curt Bryant 0-0: Called Strike
0-1: Called Strike
0-2: Ball
1-2: Strikes out looking
Batting: RHB Dustin Walker 0-0: Ball
1-0: Ball
2-0: Ball
3-0: Called Strike
3-1: Ground out 6-3 (Groundball, 6)
Top of the 2nd over - 2 run(s), 2 hit(s), 0 error(s), 0 left on base; Sylvania 2 - Hialeah 0
BOTTOM OF THE 2ND
Hialeah Dodos batting - Pitching for Sylvania Maple Leaves : RHP Rusty King
Batting: RHB Ramón Gómez 0-0: DOUBLE (Line Drive, 5L)
Batting: LHB Bill Griffin 0-0: Ball
1-0: Ball
2-0: Foul Ball, location: 2F
2-1: Foul Ball, location: 2F
2-2: Foul Ball, location: 2F
2-2: Ground out 4-3 (Groundball, 4)
Ramón Gómez to third
Batting: RHB Alvin Rogers 0-0: Ball
1-0: Called Strike
1-1: Fly out, F5 (Popup, 56)
Batting: RHB José Bravo 0-0: Ball
1-0: Called Strike
1-1: Called Strike
1-2: Foul Ball, location: 2F
1-2: 2-RUN HOME RUN (Flyball, 7LD), Distance : 353 ft
Batting: RHB Kelly Flint 0-0: Ball
1-0: Swinging Strike
1-1: Called Strike
1-2: Foul Ball, location: 2F
1-2: Strikes out swinging
Bottom of the 2nd over - 2 run(s), 2 hit(s), 0 error(s), 0 left on base; Sylvania 2 - Hialeah 2
TOP OF THE 3RD
Sylvania Maple Leaves batting - Pitching for Hialeah Dodos : RHP José Guzmán
Batting: RHB Fernando Díaz 0-0: Ball
1-0: Swinging Strike
1-1: Foul Ball, location: 2F
1-2: Ground out 1-3 (Groundball, 23)
Batting: RHB Kenny Norton 0-0: Ball
1-0: Called Strike
1-1: Foul Ball, location: 2F
1-2: Ball
2-2: Foul Ball, location: 2F
2-2: Ball
3-2: Fly out, F8 (Flyball, 8LM)
Batting: RHB Melvin Baldwin 0-0: Foul Ball, location: 2F
0-1: Ball
1-1: DOUBLE (Flyball, 8RS)
Batting: RHB Anthony Johnston 0-0: Ball
1-0: Fly out, F7 (Flyball, 7M)
Top of the 3rd over - 0 run(s), 1 hit(s), 0 error(s), 1 left on base; Sylvania 2 - Hialeah 2
BOTTOM OF THE 3RD
Hialeah Dodos batting - Pitching for Sylvania Maple Leaves : RHP Rusty King
Batting: LHB Jeremiah Spencer 0-0: Bunted foul
0-1: Foul Ball, location: 2F
0-2: Foul Ball, location: 2F
0-2: Ball
1-2: Ground out 4-3 (Groundball, 4)
Batting: RHB Herman Cook 0-0: Foul Ball, location: 2F
0-1: Called Strike
0-2: Ball
1-2: Strikes out swinging
Batting: RHB Peter Baker 0-0: Ground out 5-3 (Groundball, 5)
Bottom of the 3rd over - 0 run(s), 0 hit(s), 0 error(s), 0 left on base; Sylvania 2 - Hialeah 2
TOP OF THE 4TH
Sylvania Maple Leaves batting - Pitching for Hialeah Dodos : RHP José Guzmán
Batting: RHB Casey Washington 0-0: Ball
1-0: SINGLE (Line Drive, 7LM)
Batting: RHB Bernardo Márquez 0-0: Called Strike
0-1: Foul Ball, location: 2F
0-2: Strikes out looking
Batting: RHB Ingo van Ham 0-0: Called Strike
0-1: Foul Ball, location: 2F
0-2: Ball
1-2: SINGLE (Line Drive, 4M)
Casey Washington to second
Batting: SHB Curt Bryant 0-0: Swinging Strike
0-1: Swinging Strike
0-2: Ball
1-2: Ball
Passed Ball!
Casey Washington to third
Ingo van Ham to second
2-2: Strikes out looking
Batting: RHB Dustin Walker 0-0: Foul Ball, location: 2F
0-1: Ball
1-1: Ball
2-1: Foul Ball, location: 2F
2-2: Strikes out swinging
Top of the 4th over - 0 run(s), 2 hit(s), 0 error(s), 2 left on base; Sylvania 2 - Hialeah 2
BOTTOM OF THE 4TH
Hialeah Dodos batting - Pitching for Sylvania Maple Leaves : RHP Rusty King
Batting: RHB Ji-chol Yang 0-0: Ground out 6-3 (Groundball, 6)
Batting: RHB Ramón Gómez 0-0: Ball
1-0: Foul Ball, location: 2F
1-1: Ball
2-1: Ball
3-1: Swinging Strike
3-2: Foul Ball, location: 2F
3-2: SINGLE (Line Drive, 89S)
Batting: LHB Bill Griffin 0-0: Ball
1-0: Called Strike
1-1: Ball
2-1: Fly out, F7 (Flyball, 78XD)
Runner from 1st tags up, SAFE at 2nd
Batting: RHB Alvin Rogers 0-0: Called Strike
0-1: Ground out 1-3 (Groundball, 25)
Bottom of the 4th over - 0 run(s), 1 hit(s), 0 error(s), 1 left on base; Sylvania 2 - Hialeah 2
TOP OF THE 5TH
Sylvania Maple Leaves batting - Pitching for Hialeah Dodos : RHP José Guzmán
Batting: RHB Fernando Díaz 0-0: Ball
1-0: Swinging Strike
1-1: Ball
2-1: Foul Ball, location: 2F
2-2: Strikes out swinging
Batting: RHB Kenny Norton 0-0: Swinging Strike
0-1: Swinging Strike
0-2: Ball
1-2: Strikes out swinging
Batting: RHB Melvin Baldwin 0-0: Swinging Strike
0-1: Foul Ball, location: 2F
0-2: Ball
1-2: Ball
2-2: SINGLE (Groundball, 56D)
Batting: RHB Anthony Johnston 0-0: Called Strike
0-1: Fielders Choice at 2nd, U6 (Groundball, 6M)
Top of the 5th over - 0 run(s), 1 hit(s), 0 error(s), 1 left on base; Sylvania 2 - Hialeah 2
BOTTOM OF THE 5TH
Hialeah Dodos batting - Pitching for Sylvania Maple Leaves : RHP Rusty King
Batting: RHB José Bravo 0-0: Called Strike
0-1: Foul Ball, location: 2F
0-2: Ball
1-2: DOUBLE (Line Drive, 5D)
Batting: RHB Kelly Flint 0-0: Called Strike
0-1: Ball
1-1: Called Strike
1-2: Foul Ball, location: 2F
1-2: DOUBLE (Line Drive, 7LS)
José Bravo scores
Batting: LHB Jeremiah Spencer 0-0: Foul Ball, location: 2F
0-1: SINGLE (Line Drive, 4MD)
Kelly Flint to third
Batting: RHB Herman Cook 0-0: Foul Ball, location: 2F
0-1: Ball
1-1: Ball
2-1: Foul Ball, location: 2F
2-2: Fly out, F7 (Flyball, 7LD)
Runner from 3rd tags up, SCORES, no throw
Batting: RHB Peter Baker 0-0: Swinging Strike
0-1: Swinging Strike
0-2: Grounds into double play, 4-6-3 (Groundball, 4)
Bottom of the 5th over - 2 run(s), 3 hit(s), 0 error(s), 0 left on base; Sylvania 2 - Hialeah 4
TOP OF THE 6TH
Sylvania Maple Leaves batting - Pitching for Hialeah Dodos : RHP José Guzmán
Batting: RHB Casey Washington 0-0: Called Strike
0-1: Ball
1-1: Swinging Strike
1-2: Strikes out swinging
Batting: RHB Bernardo Márquez 0-0: Called Strike
0-1: Ball
1-1: Ground out 6-3 (Groundball, 6)
Batting: RHB Ingo van Ham 0-0: Called Strike
0-1: Fly out, F6 (Popup, 6M)
Top of the 6th over - 0 run(s), 0 hit(s), 0 error(s), 0 left on base; Sylvania 2 - Hialeah 4
BOTTOM OF THE 6TH
Hialeah Dodos batting - Pitching for Sylvania Maple Leaves : RHP Rusty King
Batting: RHB Ji-chol Yang 0-0: Ball
1-0: Ground out 6-3 (Groundball, 6M)
Batting: RHB Ramón Gómez 0-0: Called Strike
0-1: Ball
1-1: SINGLE (Line Drive, 7LS)
Batting: LHB Bill Griffin 0-0: Called Strike
0-1: Ball
1-1: Ball
2-1: Swinging Strike
2-2: Fielders Choice at 2nd, 2-6 (Groundball, 2L)
Batting: RHB Alvin Rogers 0-0: Ball
1-0: Called Strike
1-1: Foul Ball, location: 2F
1-2: Ball
2-2: Foul Ball, location: 2F
2-2: Strikes out looking
Bottom of the 6th over - 0 run(s), 1 hit(s), 0 error(s), 1 left on base; Sylvania 2 - Hialeah 4
TOP OF THE 7TH
Sylvania Maple Leaves batting - Pitching for Hialeah Dodos : RHP José Guzmán
Batting: SHB Curt Bryant 0-0: SINGLE (Line Drive, 8LS)
Batting: RHB Dustin Walker 0-0: Ball
1-0: Ball
2-0: Ball
3-0: Called Strike
3-1: Base on Balls
Curt Bryant to second
Pinch Hitting: LHB Jim Unknown 0-0: Bunted foul
0-1: Ball
1-1: Ball
2-1: Sac Bunt - play at first, batter OUT! 1-4
Curt Bryant to third
Dustin Walker to second
Pinch Hitting: RHB Mike Neal 0-0: Ball
1-0: Ball
2-0: Ball
3-0: Called Strike
3-1: Called Strike
3-2: Strikes out swinging
Batting: RHB Melvin Baldwin 0-0: Ball
1-0: Ball
2-0: Ball
3-0: Base on Balls
Pitching: RHP Gary Williams
Batting: RHB Anthony Johnston 0-0: Called Strike
0-1: SINGLE (Groundball, 4D)
Curt Bryant scores
Dustin Walker to third
Melvin Baldwin to second
Runner from 3rd tries for Home, SAFE, no throw or cutoff
Batting: RHB Casey Washington 0-0: Ball
1-0: Called Strike
1-1: Ground out U3 (Groundball, 3S)
Top of the 7th over - 2 run(s), 2 hit(s), 0 error(s), 2 left on base; Sylvania 4 - Hialeah 4
BOTTOM OF THE 7TH
Hialeah Dodos batting - Pitching for Sylvania Maple Leaves : RHP Rusty King
Now at 1B: Mike Neal
Now in LF: Jim Unknown
Batting: RHB José Bravo 0-0: Foul Ball, location: 2F
0-1: Ball
1-1: Foul Ball, location: 2F
1-2: Foul Ball, location: 2F
1-2: Foul Ball, location: 2F
1-2: Fly out, F3 (Popup, 23F)
Batting: RHB Kelly Flint 0-0: Fly out, F4 (Line Drive, 4)
Batting: LHB Jeremiah Spencer 0-0: SINGLE (Groundball, 4MD)
Batting: RHB Herman Cook 0-0: Swinging Strike
0-1: Called Strike
0-2: Ball
1-2: Ball
2-2: Fielders Choice at 2nd, 6-4 (Groundball, 56)
Bottom of the 7th over - 0 run(s), 1 hit(s), 0 error(s), 0 left on base; Sylvania 4 - Hialeah 4
TOP OF THE 8TH
Sylvania Maple Leaves batting - Pitching for Hialeah Dodos : RHP Gary Williams
Batting: RHB Bernardo Márquez 0-0: Fly out, F8 (Flyball, 8RM)
Batting: RHB Ingo van Ham 0-0: Ball
1-0: Foul Ball, location: 2F
1-1: Swinging Strike
1-2: Ball
2-2: DOUBLE (Line Drive, 89M)
Pinch Hitting: SHB Ken Osborne 0-0: Intentional Walk
Pinch Hitting: RHB Jason Delaney 0-0: Called Strike
0-1: Ball
1-1: Ball
2-1: Called Strike
2-2: Ball
3-2: Base on Balls
Ingo van Ham to third
Ken Osborne to second
Pitching: LHP Ben Flowers
Pinch Hitting: RHB Jim Unknown 0-0: DOUBLE (Line Drive, 7LM)
Ingo van Ham scores
Ken Osborne scores
Jason Delaney to third
Pitching: RHP Brent Riley
Batting: RHB Mike Neal 0-0: Ball
1-0: Called Strike
1-1: Called Strike
1-2: Foul Ball, location: 2F
1-2: Ball
2-2: Foul Ball, location: 2F
2-2: Foul Ball, location: 2F
2-2: Ground out 5-3 (Groundball, 5)
Batting: RHB Melvin Baldwin 0-0: Called Strike
0-1: Foul Ball, location: 2F
0-2: Ball
1-2: Foul Ball, location: 2F
1-2: Strikes out swinging
Top of the 8th over - 2 run(s), 2 hit(s), 0 error(s), 2 left on base; Sylvania 6 - Hialeah 4
BOTTOM OF THE 8TH
Hialeah Dodos batting - Pitching for Sylvania Maple Leaves : RHP Rusty King
Now at 2B: Jason Delaney
Now in LF: Jim Unknown
Now in CF: Ken Osborne
Batting: RHB Peter Baker 0-0: Called Strike
0-1: Ball
1-1: Ball
2-1: Called Strike
2-2: Foul Ball, location: 2F
2-2: Strikes out swinging
Pitching: RHP Jim Unknown
Batting: RHB Ji-chol Yang 0-0: Called Strike
0-1: Ball
1-1: Swinging Strike
1-2: Foul Ball, location: 2F
1-2: Foul Ball, location: 2F
1-2: Strikes out looking
Batting: RHB Ramón Gómez 0-0: Ball
1-0: Called Strike
1-1: Ball
2-1: Ball
3-1: SINGLE (Flyball, 78M)
Batting: LHB Bill Griffin 0-0: Called Strike
0-1: Ball
1-1: Fly out, F7 (Line Drive, 7M)
Bottom of the 8th over - 0 run(s), 1 hit(s), 0 error(s), 1 left on base; Sylvania 6 - Hialeah 4
TOP OF THE 9TH
Sylvania Maple Leaves batting - Pitching for Hialeah Dodos : RHP Brent Riley
Batting: RHB Anthony Johnston 0-0: Foul Ball, location: 2F
0-1: Called Strike
0-2: Ball
1-2: Foul Ball, location: 2F
1-2: Ball
2-2: Foul Ball, location: 2F
2-2: Foul Ball, location: 2F
2-2: Ball
3-2: Strikes out swinging
Batting: RHB Casey Washington 0-0: Ball
1-0: Ball
2-0: Foul Ball, location: 2F
2-1: Ball
3-1: SINGLE (Flyball, 8LS)
Batting: RHB Bernardo Márquez 0-0: Called Strike
0-1: Foul Ball, location: 2F
0-2: Grounds into double play, 4-6-3 (Groundball, 4M)
Top of the 9th over - 0 run(s), 1 hit(s), 0 error(s), 0 left on base; Sylvania 6 - Hialeah 4
BOTTOM OF THE 9TH
Hialeah Dodos batting - Pitching for Sylvania Maple Leaves : RHP Jim Unknown
Batting: RHB Alvin Rogers 0-0: Called Strike
0-1: Called Strike
0-2: Ball
1-2: Ball
2-2: Fly out, F8 (Flyball, 8RD)
Batting: RHB José Bravo 0-0: Foul Ball, location: 2F
0-1: Foul Ball, location: 2F
0-2: Strikes out swinging
Batting: RHB Kelly Flint 0-0: Ball
1-0: Ball
2-0: Ball
3-0: Called Strike
3-1: Base on Balls
Pinch Hitting: SHB Daryl Moore 0-0: Called Strike
0-1: Swinging Strike
0-2: Ball
1-2: Foul Ball, location: 2F
1-2: Foul Ball, location: 2F
1-2: Ground out 4-3 (Groundball, 4)
Bottom of the 9th over - 0 run(s), 0 hit(s), 0 error(s), 1 left on base; Sylvania 6 - Hialeah 4
This league is powered by Out of the Park Baseball, the baseball management simulation game for PC, Mac and Linux
Saturday, July 25th, 2015 - OOTP Baseball 15.6 Build 34